 Dungeon Crawl Stone Soup version 0.24.0-37-gcf1ca852f1 (webtiles) character file.

Game seed: 4026366625556771171, levelgen mode: deterministic

225 FishyPogo the Insei (level 6, 0/42 HPs)
             Began as a Gnoll Transmuter on Nov 29, 2019.
             Was a Follower of Hepliaklqana.
             Slain by a worker ant (2 damage)
             ... on level 4 of the Dungeon.
             The game lasted 00:12:18 (1862 turns).

FishyPogo the Insei (Gnoll Transmuter)              Turns: 1862, Time: 00:12:19

Health: 0/42       AC:  2    Str: 17    XL:     6   Next: 1%
Magic:  22/22      EV: 15    Int: 17    God:    Hepliaklqana [*.....]
Gold:   170        SH:  0    Dex: 16    Spells: 11/15 levels left

rFire    + . .     SeeInvis .     - Unarmed
rCold    x . .     Gourm    .   (no shield)
rNeg     . . .     Faith    .   b - +0 robe
rPois    .         Spirit   .   (no helmet)
rElec    .         Reflect  .   (no cloak)
rCorr    .         Harm     .   (no gloves)
MR       .....                  (boots currently unavailable)
Stlth    ++........             m - amulet of rage
HPRegen  0.14/turn              h - ring of magical power
MPRegen  0.18/turn              k - ring of fire

@: mighty, lethally poisoned (0 -> -6), appendage, hasted, very quick
A: distributed training, reduced essence, fangs 1, talons 3, strong nose
a: End Transformation, Recall Ancestor, Ancestor Identity, Renounce Religion,
Evoke Berserk Rage


You were on level 4 of the Dungeon.
You worshipped Hepliaklqana.
Hepliaklqana was aware of your devotion.
You were not hungry.
You had grown temporary talons.
You visited 1 branch of the dungeon, and saw 4 of its levels.

You collected 170 gold pieces.

Inventory:

Hand Weapons
 r - a +0 dagger of holy wrath
Missiles
 a - 51 arrows
 e - 89 stones
 l - a throwing net
 p - 6 javelins (quivered)
Armour
 b - a +0 robe (worn)
 g - a +2 shield
Jewellery
 h - a ring of magical power (left hand)
 k - a ring of fire (right hand)
 m - an amulet of rage (around neck)
Scrolls
 c - 4 scrolls of identify
Potions
 f - a potion of brilliance
 o - a potion of experience {unknown}
 q - a potion of heal wounds {unknown}
Comestibles
 d - 8 rations
 j - 11 chunks of flesh


   Skills:
 + Level 3.1 Fighting
 + Level 1.7 Short Blades
 + Level 1.7 Long Blades
 + Level 1.7 Axes
 + Level 1.7 Maces & Flails
 + Level 1.7 Polearms
 + Level 1.7 Staves
 + Level 1.7 Slings
 + Level 1.7 Bows
 + Level 1.7 Crossbows
 + Level 1.7 Throwing
 + Level 1.7 Armour
 + Level 4.9 Dodging
 + Level 1.7 Stealth
 + Level 1.7 Shields
 + Level 6.7 Unarmed Combat
 + Level 5.2 Spellcasting
 + Level 1.3 Conjurations
 + Level 1.3 Hexes
 + Level 1.3 Charms
 + Level 1.3 Summonings
 + Level 1.3 Necromancy
 + Level 1.3 Translocations
 + Level 4.0 Transmutations
 + Level 1.3 Fire Magic
 + Level 1.3 Ice Magic
 + Level 1.3 Air Magic
 + Level 1.3 Earth Magic
 + Level 1.3 Poison Magic
 + Level 1.9 Invocations
 + Level 1.7 Evocations


You had 11 spell levels left.
You knew the following spells:

 Your Spells              Type           Power        Failure   Level  Hunger
u - Spider Form           Tmut/Pois      ##........   14%         3    ###....
y - Beastly Appendage     Tmut           ###...       2%          1    None

Your spell library contained the following spells:

 Spells                   Type           Power        Failure   Level  Hunger
 Sticks to Snakes         Tmut           ###.....     4%          2    #......
 Ice Form                 Ice/Tmut       ##......     41%         4    ####...
 Blade Hands              Tmut           ###.......   58%         5    ######.


Dungeon Overview and Level Annotations

Branches:
Dungeon (4/15)
 Temple: D:4-7

Altars:
Hepliaklqana
Nemelex Xobeh


Innate Abilities, Weirdness & Mutations

Your experience applies equally to all skills.
You have very sharp teeth.
Your uncanny sense of smell can sniff out nearby items.
Your life essence is reduced to manifest your ancestor. (-10% HP)
You have claws for feet.


Message History

You closely miss the worker ant.
The worker ant is lightly wounded.
The worker ant bites you.
* * * LOW HITPOINT WARNING * * *
You are lethally poisoned!
The worker ant poisons you!
* * * LOW HITPOINT WARNING * * *
You feel sick. The worker ant barely misses you.
You are too injured to fight recklessly!
It was a potion of might.
You feel very mighty all of a sudden.
* * * LOW HITPOINT WARNING * * *
You feel sick.
Publius barely misses the worker ant.
The worker ant barely misses you.
It was a potion of haste.
You feel yourself speed up.
* * * LOW HITPOINT WARNING * * *
You feel sick.
Publius hits the worker ant but does no damage.
The worker ant bites you.
You die...

#####...# ......
..###...## ###..#
..#......####....#
...........#.....#
................###
..........##)##.#.##
..........##.......#
.................<.#
.##.............@.##
.##.....##......a.##
##..........#...R..#
# .#.......###.....#
...... #.....#
...... ......##
.##....# .. ....## .
..#...


You could see the friendly Publius the ancestor and a worker ant.

Vanquished Creatures
  An ogre (D:4)
  5 adders
  A worm (D:3)
  A leopard gecko (D:1)
  3 orcs (D:4)
  A ball python (D:2)
  4 giant cockroaches
  10 goblins
  9 hobgoblins
  8 jackals
  7 kobolds
  A quokka (D:2)
  3 frilled lizards
  5 rats
59 creatures vanquished.

Vanquished Creatures (collateral kills)
  An orc wizard (D:4)
  A dart slug (D:3)
2 creatures vanquished.

Vanquished Creatures (others)
  An ancestor (D:4)
1 creature vanquished.

Grand Total: 62 creatures vanquished

Notes
Turn   | Place    | Note
-------+----------+-------------------------------------------
     0 | D:1      | FishyPogo the Gnoll Transmuter began the quest for the Orb.
     0 | D:1      | Reached XP level 1. HP: 17/17 MP: 6/6
    95 | D:1      | Reached XP level 2. HP: 23/23 MP: 5/7
   357 | D:1      | Reached XP level 3. HP: 28/28 MP: 9/9
   377 | D:1      | Learned a level 3 spell: Spider Form
   401 | D:1      | Reached skill level 5 in Spellcasting
   626 | D:2      | Reached skill level 1 in Invocations
   679 | D:2      | Reached skill level 1 in Short Blades
   679 | D:2      | Reached skill level 1 in Long Blades
   679 | D:2      | Reached skill level 1 in Axes
   679 | D:2      | Reached skill level 1 in Maces & Flails
   679 | D:2      | Reached skill level 1 in Polearms
   679 | D:2      | Reached skill level 1 in Staves
   679 | D:2      | Reached skill level 1 in Slings
   679 | D:2      | Reached skill level 1 in Bows
   679 | D:2      | Reached skill level 1 in Crossbows
   679 | D:2      | Reached skill level 1 in Throwing
   679 | D:2      | Reached skill level 1 in Armour
   679 | D:2      | Reached skill level 1 in Stealth
   679 | D:2      | Reached skill level 1 in Shields
   679 | D:2      | Reached skill level 1 in Evocations
   722 | D:2      | Reached XP level 4. HP: 21/34 MP: 11/11
   821 | D:2      | Found a hazy altar of Hepliaklqana.
   826 | D:2      | Became a worshipper of Hepliaklqana the Forgotten
  1115 | D:3      | Found a sparkling altar of Nemelex Xobeh.
  1578 | D:4      | Reached skill level 1 in Conjurations
  1578 | D:4      | Reached skill level 1 in Hexes
  1578 | D:4      | Reached skill level 1 in Charms
  1578 | D:4      | Reached skill level 1 in Summonings
  1578 | D:4      | Reached skill level 1 in Necromancy
  1578 | D:4      | Reached skill level 1 in Translocations
  1578 | D:4      | Reached skill level 1 in Fire Magic
  1578 | D:4      | Reached skill level 1 in Ice Magic
  1578 | D:4      | Reached skill level 1 in Air Magic
  1578 | D:4      | Reached skill level 1 in Earth Magic
  1578 | D:4      | Reached skill level 1 in Poison Magic
  1659 | D:4      | Reached * piety under Hepliaklqana
  1743 | D:4      | Noticed an ogre
  1773 | D:4      | Killed an ogre
  1773 | D:4      | Reached XP level 5. HP: 17/36 MP: 12/12
  1837 | D:4      | Reached XP level 6. HP: 11/42 MP: 13/13
  1862 | D:4      | HP: 2/42 [poisoned by a worker ant]
  1862 | D:4      | Slain by a worker ant

Levels and vault maps discovered:
D:1:      lightli_arrival_flooded_house, layout_rooms,
          minmay_misc_feat_nine_boxes, minmay_misc_feat_roman,
          hangedman_decor_push
D:2:      layout_basic, nicolae_overflow_hidden_temple, first_ration
D:3:      layout_basic, lemuel_crystal_altar
D:4:      kennysheep_goblin_castle, layout_cave_pools, item_on_display_a,
          uniq_eustachio

Skill      XL: |  1  2  3  4 |
---------------+-------------+-----
Spellcasting   | 5 |  5.2
Invocations    | 1 |  1.9
Short Blades   | 1 |  1.7
Long Blades    | 1 |  1.7
Axes           | 1 |  1.7
Maces & Flails | 1 |  1.7
Polearms       | 1 |  1.7
Staves         | 1 |  1.7
Slings         | 1 |  1.7
Bows           | 1 |  1.7
Crossbows      | 1 |  1.7
Throwing       | 1 |  1.7
Armour         | 1 |  1.7
Stealth        | 1 |  1.7
Shields        | 1 |  1.7
Evocations     | 1 |  1.7
Conjurations   | 1 |  1.3
Hexes          | 1 |  1.3
Charms         | 1 |  1.3
Summonings     | 1 |  1.3
Necromancy     | 1 |  1.3
Translocations | 1 |  1.3
Fire Magic     | 1 |  1.3
Ice Magic      | 1 |  1.3
Air Magic      | 1 |  1.3
Earth Magic    | 1 |  1.3
Poison Magic   | 1 |  1.3
Fighting       | 3 |  3.1
Transmutations | 4 |  4.0
Dodging        | |  4.9
Unarmed Combat | |  6.7

Action                   |  1- 3 |  4- 6 || total
-------------------------+-------+-------++-------
Melee: Unarmed           |    94 |    44 ||   138
       Headbutt          |     2 |     1 ||     3
       Punch             |     1 |     1 ||     2
       Kick              |     5 |     1 ||     6
       Bite              |     1 |     1 ||     2
Throw: Stone             |     7 |       ||     7
       Throwing net      |       |     1 ||     1
       Javelin           |       |     2 ||     2
 Cast: Beastly Appendage |    15 |     8 ||    23
       Spider Form       |     3 |     5 ||     8
  Use: Scroll            |       |     4 ||     4
       Potion            |       |     3 ||     3
 Stab: Sleeping          |     2 |     1 ||     3
  Eat: Chunk             |       |     4 ||     4
Armor: Robe              |     5 |     2 ||     7
Dodge: Dodged            |    61 |    24 ||    85
